 Dungeon Crawl Stone Soup version 0.32-a0-468-g38b2580584 (webtiles) character file.

Game seed: 5479323241406453773

4 Esekla the Sneak (level 1, 16/16 HPs)
             Began as an Octopode Delver on Feb 25, 2024.
             Quit the game on level 5 of the Dungeon.
             The game lasted 00:02:35 (190 turns).

Esekla the Sneak (Octopode Delver)                   Turns: 190, Time: 00:02:35

Health: 16/16      AC:  1    Str: 11    XL:     1   Next: 60%
Magic:  1/1        EV: 13    Int: 12    God:
Gold:   47         SH:  0    Dex: 13    Spells: 0/0 levels left

rFire   . . .        a - +0 falchion
rCold   . . .        (no shield)
rNeg    . . .        (helmet restricted)
rPois   .            (no amulet)
rElec   .            (no ring)
rCorr   .            (no ring)
SInv    .            (no ring)
Will    .....        (no ring)
Stlth   ++++         (no ring)
HPRegen 0.22/turn    (no ring)
MPRegen 0.07/turn    (no ring)
                     (no ring)

%: no passive effects
@: no status effects
A: almost no armour, amphibious, 8 rings, camouflage 1, gelatinous body 1,
(nimble swimmer 1), tentacles
a: no special abilities


You were on level 5 of the Dungeon.
You visited 1 branch of the dungeon, and saw 1 of its levels.

You collected 47 gold pieces.

Inventory:

Hand Weapons
 a - a +0 falchion (weapon)
 c - a +0 dagger
Wands
 f - a wand of digging (3)
Scrolls
 b - a scroll of fog
Potions
 e - a potion of haste


   Skills:
 * Level 3.0 Fighting
 + Level 2.0 Long Blades
 * Level 2.0 Dodging
 + Level 6.7 Stealth
 * Level 0.1 Spellcasting
 * Level 0.1 Conjurations


You couldn't memorise any spells.
You didn't know any spells.
Your spell library was empty.

Dungeon Overview and Level Annotations

Branches:
Dungeon (5/15)
 Temple: D:4-7

Altars:
Dithmenos
Trog
Uskayaw
Xom


Innate Abilities, Weirdness & Mutations

You cannot wear most types of armour.
You are amphibious.
You can wear up to eight rings at the same time.
Your skin changes colour to match your surroundings (Stealth+).
Your rubbery body absorbs attacks. (AC +1, EV +1)
((You are camouflaged when in or above water. (Stealth+)))
You have tentacles for arms and can constrict up to eight enemies at once.


Message History

You closely miss the orc. You grab the orc.
You constrict the orc, but do no damage.
The orc hits you with a +0 dagger.
You hit the orc.
The orc is moderately wounded.
You constrict the orc. The orc hits you with a +0 dagger.
You hit the orc.
You kill the orc!
Things that are here:
a +0 dagger; a +3 ring mail
c - a +0 dagger You hear the slow rusting of a very distant drain.
You see here a +3 ring mail.
You slash the orc!
You kill the orc!
Things that are here:
a +0 mace; a +2 leather armour of positive energy; an orc corpse An ogre comes into view.
It is wielding a +0 giant spiked club.
The ogre moves out of view.
An orc comes into view. It is wielding a +0 flail.
An orc comes into view. It is wielding a +0 dagger.
Found a shimmering altar of Xom.
The orc shouts! x2
An orc priest comes into view. It is wielding a +0 flail.
The ogre closely misses you. The ogre completely misses you.
The orc barely misses you. The orc hits you with a +0 dagger.
The orc attacks as it pursues you! The orc barely misses you.
The orc closely misses you.
The orc priest shouts!
The orc priest looks braver for a moment.
As you read the scroll of fear, it crumbles to dust.
You assume a fearsome visage.
The orc looks frightened! x2
The orc priest looks frightened!
The ogre looks frightened!
Found a shadowy altar of Dithmenos.
The ogre wails, "Oh dear!
Oh dear!"
Found a hide-covered altar of Uskayaw.
There is a hide-covered altar of Uskayaw here.
Are you sure you want to abandon this character and quit the game? (Confirm with "yes".)

**,,,***,* **,***,*,,* **,**
**,,** *,*******,*** *,*
*,,,,,,,, *,***,,,,,,,,
**,**,,,,,*** ### **,*,,,*,*
* ##########@# **,,*,*,* *
###ß.#.#.#.#.##*****,***,,***
#.O...........#,,,,,** **,*,,
#o............#****,,***,*,**
#.#ß.#.#.#.#.## *,,,*,****,
#.##_#.#_##### **,*,*,*,,,
#)######## *** **,*,,**,, #.#
#.# *,*******,,,,,*^,
#.#####.# *,,,,,,,,,*,,,*##


There were no monsters in sight!

Vanquished Creatures
  2 orcs (D:5)
2 creatures vanquished.

Notes
Turn   | Place    | Note
-------+----------+-------------------------------------------
     0 | D:5      | Esekla the Octopode Delver began the quest for the Orb.
     0 | D:5      | Reached XP level 1. HP: 16/16 MP: 1/1
    70 | D:5      | Found a bloodstained altar of Trog.
   173 | D:5      | Noticed an ogre
   175 | D:5      | Found a shimmering altar of Xom.
   176 | D:5      | Noticed an orc priest
   183 | D:5      | Found a shadowy altar of Dithmenos.
   187 | D:5      | Found a hide-covered altar of Uskayaw.
   190 | D:5      | Quit the game

Illustrated notes

Levels and vault maps discovered:
D:5:      layout_loops_ring, minitemple, mainiacjoe_overflow_alcove_2,
          gup_sewer_entry_pipe, minmay_lizard_king

Action                     || total
---------------------------++-------
  Melee: Falchion          ||     4
         Constrict         ||     1
    Use: Scroll            ||     2
 Armour: Skin              ||     3
  Dodge: Dodged            ||     5

Table legend: (Time is in decaauts)
 A = Elapsed time spent in this place.
 B = Non-inter-level travel time spent in this place.
 C = Inter-level travel time spent in this place.
 D = Time resting spent in this place.
 E = Time spent auto-exploring this place.
 F = Levels seen in this place.
 G = Mean time per level.
                   A        B        C        D        E       F      G
               +--------+--------+--------+--------+--------+-----+--------+
         Total |    190 |    190 |      0 |      0 |      0 |   1 |  190.0 |
       Dungeon |    190 |    190 |      0 |      0 |      0 |   1 |  190.0 |
               +--------+--------+--------+--------+--------+-----+--------+

Top non-repeatable levels by time:
     D:5: 190 daAuts
